 Dungeon Crawl Stone Soup version 0.30-a0-728-gc68057be0a (webtiles) character file.

Game seed: 131711786558475476

62 iamoutofideas the Sneak (level 3, 16/16 HPs)
             Began as a Spriggan Enchanter on Jan 30, 2023.
             Quit the game on level 2 of the Dungeon.
             The game lasted 00:02:47 (1399 turns).

iamoutofideas the Sneak (Spriggan Enchanter)        Turns: 1399, Time: 00:02:47

Health: 16/16      AC:  2    Str:  4    XL:     3   Next: 85%
Magic:  8/8        EV: 17    Int: 18    God:
Gold:   105        SH:  0    Dex: 15    Spells: 6/8 levels left

rFire   . . .      SeeInvis +    a - +1 dagger
rCold   . . .      Faith    .    (no shield)
rNeg    . . .      Spirit   .    b - +0 robe
rPois   .          Reflect  .    (helmet restricted)
rElec   .          Harm     .    (no cloak)
rCorr   .          Rampage  .    (gloves unavailable)
Will    .....                    (boots unavailable)
Stlth   +++                      (no amulet)
HPRegen 0.22/turn                (no ring)
MPRegen 0.11/turn                (no ring)

@: very quick
A: very small, no large weapons, unfitting armour, see invisible, speed 3
a: no special abilities


You were on level 2 of the Dungeon.
You visited 1 branch of the dungeon, and saw 2 of its levels.

You collected 105 gold pieces.

Inventory:

Hand Weapons
 a - a +1 dagger (weapon)
Armour
 b - a +0 robe (worn)
Scrolls
 d - 2 scrolls of identify {unknown}
 g - a scroll of teleportation {unknown}
Potions
 c - 3 potions of invisibility
 e - a potion of heal wounds {unknown}
 f - a potion of ambrosia {unknown}
 h - 2 potions of curing {unknown}
 i - a potion of haste {unknown}


   Skills:
 + Level 1.9 Short Blades
 + Level 3.3 Dodging
 + Level 5.5 Stealth
 + Level 3.2 Spellcasting
 + Level 3.9 Hexes
 + Level 0.3 Ice Magic


You had 6 spell levels left.
You knew the following spells:

 Your Spells              Type           Power      Damage    Failure   Level
a - Ensorcelled Hibernat  Hex/Ice        20%        N/A       10%         2

Your spell library contained the following spells:

 Spells                   Type           Power      Damage    Failure   Level
 Confusing Touch          Hex            17%        N/A       10%         3
 Tukima's Dance           Hex            17%        N/A       10%         3
 Dazzling Flash           Conj/Hex       20%        N/A       22%         3


Dungeon Overview and Level Annotations

Branches:
Dungeon (2/15)

Altars:

Shops:
D:1 [


Innate Abilities, Weirdness & Mutations

You are very small and have problems with some larger weapons.
You are too small for most types of armour.
You have supernaturally acute eyesight. (SInv)
You cover ground extremely quickly. (Speed+++)


Message History

You hit the hobgoblin.
The hobgoblin is severely wounded.
The hobgoblin misses you.
A hobgoblin is nearby!
You hit the hobgoblin.
The hobgoblin is almost dead.
The hobgoblin closely misses you.
A hobgoblin is nearby!
You hit the hobgoblin.
You kill the hobgoblin!
A bat comes into view.
A bat is nearby!
A bat is nearby!
Found a ring mail.
A bat is nearby!
A bat is nearby!
A goblin comes into view. It is wielding a +0 dagger.
The bat misses you. The bat barely misses you.
You closely miss the bat. The bat hits you.
The bat hits you but does no damage.
You hit the bat.
You kill the bat!
Found a stone staircase leading down.
The helpless goblin fails to defend itself.
You impale the goblin!!
You kill the goblin!
No target in view!
A bat comes into view.
The bat closely misses you.
A bat is nearby!
You barely miss the bat. The bat hits you but does no damage.
The bat closely misses you.
A bat is nearby!
You hit the bat.
The bat is severely wounded.
The bat closely misses you. The bat completely misses you.
A bat is nearby!
You hit the bat.
You kill the bat!
Are you sure you want to abandon this character and quit the game? (Confirm with "yes".)

#.# #.# #.. #.# #.# ########
#.# #......# #.#
###......######@#
#>..............#
#........######## #.#
##.####..# #.# ##....##.#####
#.###### #..[..##.....#
#......# #).....#####.#######
#......# #.......####.......#
#......#
#.....#........###.###......#


There were no monsters in sight!

Vanquished Creatures
  An adder (D:2)
  A worm (D:2)
  2 dart slugs
  4 ball pythons
  7 endoplasms
  3 giant cockroaches
  3 goblins
  4 hobgoblins (D:2)
  3 kobolds
  A quokka (D:2)
  8 bats
  2 frilled lizards (D:2)
  2 rats
41 creatures vanquished.

Notes
Turn   | Place    | Note
-------+----------+-------------------------------------------
     0 | D:1      | iamoutofideas the Spriggan Enchanter began the quest for
                  | the Orb.
     0 | D:1      | Reached XP level 1. HP: 9/9 MP: 5/5
     6 | D:1      | Noticed a swamp drake
     6 | D:1      | Noticed a komodo dragon
     7 | D:1      | Noticed a hog
     7 | D:1      | Noticed a lindwurm
   119 | D:1      | Reached XP level 2. HP: 13/13 MP: 6/6
   228 | D:1      | Found Xabong's Armour Boutique.
   418 | D:1      | Learned a level 2 spell: Ensorcelled Hibernation
   650 | D:2      | Reached skill level 5 in Stealth
   653 | D:2      | Reached XP level 3. HP: 12/16 MP: 3/8
  1399 | D:2      | Quit the game

Illustrated notes

Levels and vault maps discovered:
D:1:      onia_arrival_zoo_common, layout_rooms, serial_shops,
          nicolae_diamond_shop
D:2:      minmay_evil_eye, layout_basic

Skill      XL: |  1  2 |
---------------+-------+-----
Dodging        | 3 |  3.3
Spellcasting   | 3 |  3.2
Stealth        | 5 |  5.5
Short Blades   | |  1.9
Hexes          | |  3.9
Ice Magic      | |  0.3

Action                     || total
---------------------------++-------
  Melee: Dagger            ||   111
   Cast: Ensorcelled Hiber ||     9
   Stab: Sleeping          ||    18
         Distracted        ||     1
 Armour: Robe              ||    14
  Dodge: Dodged            ||    73

Table legend: (Time is in decaauts)
 A = Elapsed time spent in this place.
 B = Non-inter-level travel time spent in this place.
 C = Inter-level travel time spent in this place.
 D = Time resting spent in this place.
 E = Time spent auto-exploring this place.
 F = Levels seen in this place.
 G = Mean time per level.
                   A        B        C        D        E       F      G
               +--------+--------+--------+--------+--------+-----+--------+
         Total |    962 |    951 |     11 |     25 |    661 |   2 |  481.0 |
       Dungeon |    962 |    951 |     11 |     25 |    661 |   2 |  481.0 |
               +--------+--------+--------+--------+--------+-----+--------+

Top non-repeatable levels by time:
     D:2: 635 daAuts
     D:1: 327 daAuts
